Map: Jagannatha LE

Players

KMAGtv

  • Race: Terran Terran
  • League: Diamond
  • Spawn Location: 1:00

soymilk - Winner!

  • Race: Protoss Protoss
  • League: Diamond
  • Spawn Location: 7:00

VOD

Have the link to the VOD?

Description

Time

  • Played on: Jan. 19, 2021, 1:20 p.m.
  • Length: 8:38
Show
View Real Time Build Order
Export as new Build Order

KMAGtv Terran 

Build Orders:  

Get SALT Encoding   

  12  0:01  SCV  
  13  0:13  SCV  
  14  0:17  Supply Depot  
  14  0:25  SCV  
  15  0:39  SCV  
  15  0:40  Barracks  
  16  0:44  Refinery  
  16  0:51  SCV  
  17  1:03  SCV  
  18  1:15  SCV  
  19  1:30  Barracks Reactor  
  19  1:31  Orbital Command  
  19  1:51  Command Center  
  19  2:00  SCV  
  20  2:03  Supply Depot  
  20  2:08  Marine x2  
  20  2:13  Refinery  
  20  2:15  SCV  
  22  2:26  Marine x2  
  22  2:27  SCV  
  25  2:41  Factory  
  24  2:44  Marine x2  
  26  3:07  Supply Depot  
  26  3:09  Supply Depot  
  26  3:11  Bunker  
  26  3:24  Command Center  
  26  3:28  Factory Tech Lab, Marine x2  
  28  3:40  SCV  
  29  3:46  Marine  
  30  4:00  SCV  
  30  4:01  Factory Reactor  
  30  4:02  Barracks  
  31  4:03  Marine  
  32  4:12  SCV, Supply Depot  
  32  4:13  Marine  
  34  4:21  Marine  
  35  4:24  SCV  
  36  4:31  Marine  
  36  4:36  SCV  
  36  4:38  Orbital Command, Marine  
  38  4:40  Widow Mine  
  38  4:43  Widow Mine  
  43  4:49  SCV, Marine  
  43  4:50  Stimpack  
  45  4:52  Marine  
  45  4:56  Orbital Command  
  46  5:02  Widow Mine  
  48  5:13  Marine x2  
  48  5:14  Marauder  
  52  5:21  SCV x2  
  52  5:28  Starport  
  54  5:29  Widow Mine  
  54  5:30  Widow Mine  
  54  5:32  Marine x2  
  54  5:33  SCV  
  61  5:39  Supply Depot  
  61  5:54  SCV  
  62  6:00  SCV, Marine x2  
  62  6:01  Marauder  
  67  6:05  Factory Reactor  
  67  6:07  SCV  
  68  6:13  Medivac  
  70  6:19  Supply Depot  
  70  6:20  Supply Depot  
  70  6:28  Engineering Bay  
  70  6:38  Marine  
  70  6:40  SCV x2, Medivac, Marine  
  70  6:41  Marauder  
  71  6:56  Marine  
  71  6:58  Marine  
  73  7:02  Marauder  
  58  7:32  Marine x2  
  58  7:33  Marine  
  51  7:51  Marauder  
  50  7:57  Command Center  
  44  8:07  Marine x2  
  44  8:12  Marauder  
Show
View Real Time Build Order
Export as new Build Order

soymilk Protoss - Winner!

Build Orders:  

Get SALT Encoding   

  12  0:00  Probe  
  13  0:12  Probe  
  14  0:19  Pylon  
  14  0:39  Pylon  
  14  0:40  Gateway  
  14  0:57  Gateway  
  14  1:03  Probe  
  15  1:05  Assimilator  
  15  1:15  Probe  
  16  1:28  Cybernetics Core  
  16  1:30  Probe  
  16  1:38  Zealot (Chrono Boost)  
  18  1:46  Zealot (Chrono Boost)  
  22  2:03  Zealot (Chrono Boost)  
  22  2:04  Stalker (Chrono Boost)  
  24  2:11  Warp Gate  
  24  2:22  Adept  
  26  2:30  Pylon  
  26  2:36  Stalker  
  28  2:55  Probe  
  30  3:16  Nexus  
  29  3:23  Probe  
  30  3:31  Twilight Council  
  30  3:36  Probe  
  31  3:44  Pylon  
  31  4:05  Charge (Chrono Boost)  
  31  4:09  Gateway  
  31  4:10  Probe  
  32  4:22  Probe  
  33  4:34  Probe x2  
  35  4:46  Probe (Chrono Boost)  
  35  4:47  Robotics Facility, Probe (Chrono Boost)  
  37  4:56  Pylon  
  37  4:58  Probe (Chrono Boost)  
  37  4:59  Probe (Chrono Boost)  
  39  5:04  Probe x2 (Chrono Boost)  
  41  5:13  Probe x2  
  43  5:20  Pylon  
  43  5:25  Probe x2  
  45  5:32  Warp Prism (Chrono Boost)  
  45  5:35  Gateway  
  45  5:37  Probe x2  
  49  5:47  Gateway  
  49  5:49  Gateway  
  49  5:50  Gateway  
  49  5:57  Gateway  
  49  6:00  Pylon  
  49  6:01  Observer  
  50  6:08  Pylon  
  50  6:13  Zealot x3  
  55  6:26  Observer  
  55  6:34  Zealot x4  
  50  6:47  Observer  
  42  6:58  Zealot x7  
  42  6:59  Zealot  
  55  7:11  Observer  
  54  7:24  Zealot x5  
  54  7:25  Zealot  
  64  7:32  Observer  
  55  7:39  Zealot x2  
  55  7:49  Stalker  
  55  7:50  Stalker x2  
  55  8:09  Stalker  
  55  8:11  Zealot x2  
  55  8:12  Zealot x2  
  55  8:23  Zealot x3  
  59  8:35  Zealot  
  59  8:36  Zealot x3  
  59  8:37  Zealot  
Tags
 
Add a new tag
Caveats
  • Supply blocks, unpowered buildings, or Contaminate may cause inaccurate times.
  • Supply counts are checked every 10 seconds.